 Dungeon Crawl Stone Soup version 0.28-a0-1087-gf3fc490d9d (webtiles) character file.

Game seed: 16750721826027939096

431 leviel the Chopper (level 6, 0/56 HPs)
             Began as a Hill Orc Fighter on Dec 11, 2021.
             Succumbed to a killer bee's poison
             ... on level 4 of the Dungeon.
             The game lasted 00:03:30 (2936 turns).

leviel the Chopper (Hill Orc Fighter)               Turns: 2936, Time: 00:03:30

Health: 0/56       AC: 11    Str: 21    XL:     6   Next: 99%
Magic:  6/6        EV:  9    Int:  8    God:
Gold:   100        SH:  4    Dex: 10    Spells: 5/5 levels left

rFire   . . .      SeeInvis .   a - +0 war axe
rCold   . . .      Faith    .   c - +0 buckler
rNeg    . . .      Spirit   .   b - +0 scale mail
rPois   .          Reflect  .   (no helmet)
rElec   .          Harm     .   (no cloak)
rCorr   .          Rampage  .   (no gloves)
Will    +....                   (no boots)
Stlth   ..........              (no amulet)
HPRegen 0.18/turn               k - ring of willpower
MPRegen 0.10/turn               i - +4 ring of protection

@: mighty, lethally poisoned (0 -> -1)
A: no striking features
a: no special abilities


You were on level 4 of the Dungeon.
You visited 1 branch of the dungeon, and saw 4 of its levels.

You collected 100 gold pieces.

Inventory:

Hand Weapons
 a - a +0 war axe (weapon)
Missiles
 s - 2 throwing nets (quivered)
Armour
 b - a +0 scale mail (worn)
 c - a +0 buckler (worn)
Jewellery
 i - a +4 ring of protection (right hand)
 k - a ring of willpower (left hand)
Scrolls
 f - a scroll of blinking
 q - a scroll of fear
Potions
 h - a potion of haste
 o - 2 potions of attraction {unknown}
 p - 2 potions of brilliance {unknown}


   Skills:
 + Level 5.3 Fighting
 * Level 5.8 Axes
 + Level 4.9 Armour
 + Level 4.8 Shields


You had 5 spell levels left.
You didn't know any spells.
Your spell library contained the following spells:

 Spells                   Type           Power      Damage    Failure   Level
 Beastly Appendage        Tmut           0%         N/A       75%         1
 Wereblood                Tmut           0%         N/A       86%         2
 Spider Form              Tmut/Pois      0%         N/A       98%         3


Dungeon Overview and Level Annotations

Branches:
Dungeon (4/15)
 Temple: D:4-7

Altars:
Uskayaw


Message History

The killer bee stings you but does no damage.
The killer bee stings you!
* * * LOW HITPOINT WARNING * * *
You are poisoned.
The killer bee poisons you!
The killer bee stings you but does no damage.
You miss the killer bee.
The killer bee is moderately wounded.
* * * LOW HITPOINT WARNING * * *
You feel very sick. The killer bee stings you!
* * * LOW HITPOINT WARNING * * *
You are more poisoned.
The killer bee poisons you!
The killer bee stings you but does no damage.
You feel better. The killer bee stings you.
* * * LOW HITPOINT WARNING * * *
You are poisoned.
The killer bee poisons you! You block the killer bee's attack.
You closely miss the killer bee.
The killer bee is moderately wounded.
You feel sick. The killer bee closely misses you.
The killer bee stings you but does no damage.
The killer bee barely misses you.
You hit the killer bee.
The killer bee is heavily wounded.
You feel sick. You block the killer bee's attack. The killer bee stings you.
* * * LOW HITPOINT WARNING * * *
You feel very mighty all of a sudden.
* * * LOW HITPOINT WARNING * * *
You feel sick. You block the killer bee's attack.
The killer bee stings you but does no damage.
You slice the killer bee!!
You kill the killer bee!
* * * LOW HITPOINT WARNING * * *
You feel sick. The killer bee barely misses you.
The killer bee closely misses you.
You slash the killer bee!
The killer bee is heavily wounded.
You die...

... ... ###. ..#######
#.. #....... #.#
#.......
######.#######.......
#..y@..#.............
##.###....###....<....
.
#..##..###....#.......
#.
##.#........###########
#..## ###..#)...#####
#....# #..(#...### #
#..)###.#.)..##
#.#...........####
..#...##...........


You could see a killer bee.

Vanquished Creatures
  A necrophage (D:3)
  2 killer bees (D:4)
  2 orc wizards (D:3)
  4 gnolls
  6 adders
  An adder skeleton (D:4)
  A worm (D:3)
  2 dart slugs (D:2)
  11 orcs (D:3)
  2 bats
  10 endoplasms
  3 giant cockroaches (D:2)
  3 hobgoblins
  2 jackals (D:2)
  3 quokkas
  2 ball pythons
  5 frilled lizards
  8 goblins
  5 kobolds
  9 rats
82 creatures vanquished.

Vanquished Creatures (others)
  An orc wizard (D:3)
  A kobold (D:4)
  A fungus (D:2)
3 creatures vanquished.

Grand Total: 85 creatures vanquished

Notes
Turn   | Place    | Note
-------+----------+-------------------------------------------
     0 | D:1      | leviel the Hill Orc Fighter began the quest for the Orb.
     0 | D:1      | Reached XP level 1. HP: 19/19 MP: 1/1
   230 | D:1      | Reached XP level 2. HP: 18/27 MP: 2/2
   370 | D:1      | You fall into a shaft and drop 1 floor!
   738 | D:2      | Reached XP level 3. HP: 30/33 MP: 3/3
   988 | D:2      | Found a faded altar of an unknown god.
  1049 | D:2      | Found a hide-covered altar of Uskayaw.
  1093 | D:2      | Reached XP level 4. HP: 40/40 MP: 4/4
  1371 | D:3      | Reached XP level 5. HP: 5/47 MP: 5/5
  2292 | D:3      | Noticed a necrophage
  2301 | D:3      | Killed a necrophage
  2302 | D:3      | Reached skill level 5 in Fighting
  2302 | D:3      | Reached skill level 5 in Axes
  2302 | D:3      | Reached XP level 6. HP: 55/56 MP: 6/6
  2935 | D:4      | HP: 1/56 [poisoned by a killer bee]
  2936 | D:4      | Succumbed to a killer bee's poison

Illustrated notes

Levels and vault maps discovered:
D:1:      saegor_arrival_simple_c, layout_basic, nrook_mini_backslash,
          minmay_small_reverse_x
D:2:      layout_loops_ring, shapermc_ecumenical_altar_mp_urbaneastern,
          basic_altar, minmay_increasing_density
D:3:      minmay_angry_zag, layout_loops_ring
D:4:      layout_rooms

Skill      XL: |  1  2  3  4  5 |
---------------+----------------+-----
Axes           | 3 4 5 |  5.8
Fighting       | 4 5 |  5.3
Shields        | 4 |  4.8
Armour         | 4 |  4.9

Action                   |  1- 3 |  4- 6 || total
-------------------------+-------+-------++-------
Melee: War axe           |   127 |   162 ||   289
  Use: Scroll            |     2 |     7 ||     9
       Potion            |       |     3 ||     3
Armor: Scale mail        |    67 |   100 ||   167
Dodge: Dodged            |    57 |    81 ||   138
Block: Buckler           |    34 |    49 ||    83

Table legend: (Time is in decaauts)
 A = Elapsed time spent in this place.
 B = Non-inter-level travel time spent in this place.
 C = Inter-level travel time spent in this place.
 D = Time resting spent in this place.
 E = Time spent auto-exploring this place.
 F = Levels seen in this place.
 G = Mean time per level.
                   A        B        C        D        E       F      G
               +--------+--------+--------+--------+--------+-----+--------+
         Total |   3026 |   3008 |     18 |    358 |   1996 |   4 |  756.5 |
       Dungeon |   3026 |   3008 |     18 |    358 |   1996 |   4 |  756.5 |
               +--------+--------+--------+--------+--------+-----+--------+

Top non-repeatable levels by time:
     D:3: 1425 daAuts
     D:2: 985 daAuts
     D:1: 383 daAuts
     D:4: 232 daAuts
